 Dungeon Crawl Stone Soup version 0.30-a0-297-g0ec75d9ef4 (webtiles) character file.

Game seed: 7270502696876551558

2804 ytrimaz the Changer (level 9, 0/86 HPs)
             Began as a Demigod Transmuter on Oct 18, 2022.
             Slain by a kobold brigand
             ... wielding a +0 short sword
              (4 damage)
             ... on level 7 of the Dungeon.
             The game lasted 00:11:23 (9667 turns).

ytrimaz the Changer (Demigod Transmuter)            Turns: 9667, Time: 00:11:23

Health: 0/86       AC:  8    Str: 11    XL:     9   Next: 20%
Magic:  16/20      EV: 10    Int: 27    God:
Gold:   342        SH:  0    Dex: 14    Spells: 6/18 levels left

rFire   x . .      SeeInvis .      - Unarmed
rCold   + + +      Faith    .    (shield currently unavailable)
rNeg    . . .      Spirit   .    (body armour currently unavailable)
rPois   +          Reflect  .    (helmet currently unavailable)
rElec   .          Harm     .    (cloak currently unavailable)
rCorr   .          Rampage  .    (gloves currently unavailable)
Will    .....                    (boots currently unavailable)
Stlth   +.........               (no amulet)
HPRegen 0.34/turn                (no ring)
MPRegen 0.17/turn                (no ring)

@: mighty, ice-form, wereblooded
A: freezing attack, amphibious, boosted hp, large, high MP 1, forlorn, divine
attributes
a: End Transformation


You were on level 7 of the Dungeon.
You were a creature of crystalline ice.
You visited 2 branches of the dungeon, and saw 8 of its levels.

You collected 342 gold pieces.


Innate Abilities, Weirdness & Mutations

You are a creature of crystalline ice.
You have a powerful freezing melee attack.
You are amphibious.
Your maximum health is increased.
Your armour is entirely melded.
You are incapable of wielding weapons or throwing items.
You have an increased reservoir of magic. (+10% MP)
You shall have no god before yourself.
Your divine heritage dramatically boosts your attributes as you level up.


   Skills:
 + Level 4.6 Fighting
 - Level 1.7 Dodging
 - Level 2.6 Unarmed Combat
 + Level 5.3 Spellcasting
 + Level 7.5 Transmutations
 - Level 4.0 Ice Magic
 - Level 4.0 Poison Magic


You had 6 spell levels left.
You knew the following spells:

 Your Spells              Type           Power      Damage    Failure   Level
a - Beastly Appendage     Tmut           96%        N/A       1%          1
b - Wereblood             Tmut           48%        N/A       1%          2
c - Spider Form           Tmut/Pois      38%        N/A       1%          3
d - Ice Form              Ice/Tmut       38%        N/A       6%          4
e - Poisonous Vapours     Pois/Air       36%        N/A       4%          2

Your spell library contained the following spells:

 Spells                   Type           Power      Damage    Failure   Level
 Cigotuvi's Dreadful Rot  Necr/Pois/Air  28%        N/A       6%          2
 Mephitic Cloud           Conj/Pois/Air  14%        N/A       12%         3
 Gell's Gravitas          Tloc           7%         N/A       21%         3
 Lesser Beckoning         Tloc           14%        N/A       21%         3
 Teleport Other           Tloc           7%         N/A       21%         3

Inventory:

Missiles
 h - a throwing net
Armour
 a - a +0 robe (melded)
 g - a +0 pair of boots (melded)
   (You found it on level 3 of the Dungeon)
 i - a +1 hat (melded)
   (You found it on level 3 of the Dungeon)
 o - a +0 cloak (melded)
   (You found it on level 6 of the Dungeon)
Jewellery
 l - a ring of fire
   (You found it on level 6 of the Dungeon)
Wands
 p - a wand of polymorph (10)
   (You took it off Dowan on level 6 of the Dungeon)
Scrolls
 e - 2 scrolls of amnesia
 f - a scroll of vulnerability
 j - a scroll of teleportation
 n - a scroll of torment
 q - 2 scrolls of identify
Potions
 c - 2 potions of mutation
 d - 2 potions of flight
 m - a potion of haste

Dungeon Overview and Level Annotations

Branches:
Dungeon (7/15) Zot: 25848  Temple (1/1) D:6 Zot: 5725

Annotations:
D:6 1 runed translucent door, Crazy Yiuf

#.#
#..######..###.####....#
#.#####.#......# #.#
#..#.# #.##......######
#. ##.... #.#..##.....##
#. #.... #.#.#######..##
#...#.. #.# ##..# ##
#.#..## #.# ##.# ..
...##. #.# ####K#§# ###
#.. ..# #KDY.§§# ...#
.## ###K###### .. .
#§§.# #.......###
#...$...K #...###5.. #..
#K... #. 5K.... #
._.....


You could see a steam dragon (catching breath), a kobold brigand and 2 kobolds.


Message History

The kobold brigand attacks as you move away!
The kobold brigand barely misses you.
You feel sick.
The kobold brigand closely misses you. 😮 HP[-2]
You take 2 damage, and now have 52/79 hp.
You feel sick.
You are no longer poisoned.
The kobold brigand hits you with a +0 short sword. 😮 HP[-1]
You take 1 damage, and now have 51/79 hp.
You feel very mighty all of a sudden.
The kobold brigand hits you but does no damage. 😮 HP[+1] MP[+1] Unknown command.
Casting: Ice Form (dangerous; 10% risk of failure)
Confirm with . or Enter, or press ? or * to list all spells.
Your blood is infused with primal strength.
The kobold brigand barely misses you.
The kobold brigand hits you but does no damage. 😮 MP[-2]
You lost 2 mp, and now have 14/18 mp.
Unknown command.
You punch the kobold brigand! You freeze the kobold brigand.
The kobold brigand hits you but does no damage. 😮 HP[+1]
You barely miss the kobold brigand.
You feel yourself speed up. The kobold brigand misses you.
Unknown command.
Pikel completely misses you.
The kobold brigand closely misses you. 😮 MP[+1]
You punch Pikel! You freeze Pikel. Pikel closely misses you.
The kobold brigand hits you but does no damage. 😮 HP[+1] Unknown command.
You hit Pikel. You freeze Pikel. You punch Pikel! You freeze Pikel.
Pikel hits you with a +2 whip of freezing!
The kobold brigand hits you but does no damage. 😮 HP[-7]
You take 7 damage, and now have 47/79 hp.
Unknown command.
You barely miss Pikel.
Pikel hits you with a +2 whip of freezing!
The kobold brigand hits you but does no damage. 😮 HP[-6]
You take 6 damage, and now have 41/79 hp.
You hit Pikel. You freeze Pikel. Pikel closely misses you.
The kobold brigand barely misses you.
Unknown command.
You barely miss Pikel. Pikel barely misses you.
The kobold brigand closely misses you.
Unknown command.
You barely miss Pikel.
Pikel hits you with a +2 whip of freezing.
* * * LOW HITPOINT WARNING * * *
The kobold brigand hits you with a +0 short sword.
* * * LOW HITPOINT WARNING * * *
😨 HP[-8] MP[+1]
You take 8 damage, and now have 33/79 hp.
Unknown command.
You punch Pikel! You freeze Pikel.
You feel a bit better.
You kill Pikel!
With Pikel's spell broken, his former minions thank you for their freedom.
The lemure departs this earthly plane. x3
The kobold brigand hits you with a +0 short sword.
* * * LOW HITPOINT WARNING * * *
The steam dragon breathes steam at you. The ball of steam hits you!!
The steam scalds you terribly!
* * * LOW HITPOINT WARNING * * *
Your Spellcasting skill increases to level 5!
You have reached level 9!
Your experience leads to a dramatic increase in your attributes!
Increase (S)trength, (I)ntelligence, or (D)exterity?
You feel clever. x4 😱 HP[-22]
You now have 86 max hp (+7).
You take 22 damage, and now have 11/86 hp.
MASSIVE DAMAGE!! (PAUSE) Unknown command.
You feel better.
You are engulfed in a cloud of scalding steam.
* * * LOW HITPOINT WARNING * * *
The kobold brigand hits you with a +0 short sword.
* * * LOW HITPOINT WARNING * * *
😱 HP[-1]
You take 1 damage, and now have 10/86 hp.
Unknown command.
You punch the steam dragon! You freeze the steam dragon.
You are engulfed in a cloud of scalding steam.
* * * LOW HITPOINT WARNING * * *
The kobold brigand hits you with a +0 short sword.
* * * LOW HITPOINT WARNING * * *
The steam dragon closely misses you. x2
Unknown command. 😱 HP[-7]
You take 7 damage, and now have 3/86 hp.
You barely miss the steam dragon.
The kobold brigand hits you with a +0 short sword.
You die...

Skill      XL: |  1  2  3  4  5  6  7  8 |
---------------+-------------------------+-----
Spellcasting   | 2 3 5 |  5.3
Transmutations | 2 3 4 6 7 |  7.5
Poison Magic   | 1 3 4 |  4.0
Ice Magic      | 2 4 |  4.0
Fighting       | 1 4 |  4.6
Dodging        | |  1.7
Unarmed Combat | |  2.6

Action                   |  1- 3 |  4- 6 |  7- 9 || total
-------------------------+-------+-------+-------++-------
Melee: Unarmed           |   141 |   163 |   230 ||   534
       Kick              |    24 |     1 |       ||    25
       Headbutt          |    11 |     1 |       ||    12
       Punch             |     3 |     1 |     1 ||     5
 Cast: Beastly Appendage |    28 |     2 |       ||    30
       Spider Form       |     4 |    20 |    11 ||    35
       Wereblood         |     2 |     6 |     6 ||    14
       Ice Form          |       |     1 |    22 ||    23
       Poisonous Vapours |       |       |     2 ||     2
 Abil: End Transformatio |       |       |     1 ||     1
  Use: Scroll            |     4 |     6 |     3 ||    13
       Potion            |       |     3 |     3 ||     6
 Stab: Sleeping          |     1 |       |       ||     1
Armor: Robe              |    27 |     9 |     7 ||    43
       Skin              |       |    26 |    59 ||    85
Dodge: Dodged            |    99 |   194 |   172 ||   465

Levels and vault maps discovered:
D:1:      dpeg_arrival_ternary, layout_basic, serial_rivers,
          chequers_serial_rivers_micro_a, chequers_serial_rivers_small_a,
          chequers_serial_rivers_small_3, chequers_serial_rivers_micro_b,
          chequers_serial_rivers_room_b, nrook_uturn
D:2:      layout_rooms, basic_altar
D:3:      minmay_roachtagon, layout_loops_ring, lemuel_coloured_pillars_altar,
          chequers_serial_rivers_micro_c
D:4:      layout_layer_cave, lemuel_doored_altar, minmay_ruined_shrine
D:5:      layout_layer_cave, mainiacjoe_overflow_alcove_2,
          mainiacjoe_overflow_six_doors_small, kennysheep_donut
D:6:      layout_loops_ring, nicolae_ashenzari_panopticon,
          lightli_temple_of_fire, temple_statues, portal_sewer_entry_e,
          uniq_crazy_yiuf_cottage, uniq_duvessa
D:7:      layout_rooms, nicolae_overflow_crystal_walls,
          chequers_temple_overflow_statue_of_worship, uniq_pikel
Temple:   nicolae_temple_figure_eight

Notes
Turn   | Place    | Note
-------+----------+-------------------------------------------
     0 | D:1      | ytrimaz the Demigod Transmuter began the quest for the Orb.
     0 | D:1      | Reached XP level 1. HP: 15/15 MP: 5/5
     0 | D:1      | magus.rc [v1.9.6]
   167 | D:1      | Reached skill level 2 in Spellcasting
   167 | D:1      | Reached skill level 2 in Transmutations
   426 | D:1      | Reached XP level 2. HP: 16/22 MP: 4/7
   559 | D:1      | Learned a level 2 spell: Wereblood
  1102 | D:2      | Reached XP level 3. HP: 19/27 MP: 7/9
  1169 | D:2      | Learned a level 3 spell: Spider Form
  1509 | D:2      | Reached skill level 3 in Transmutations
  1879 | D:3      | Reached skill level 1 in Poison Magic
  2042 | D:3      | Reached XP level 4. HP: 34/34 MP: 6/10
  2220 | D:3      | Reached skill level 2 in Poison Magic
  2467 | D:3      | Reached skill level 3 in Poison Magic
  2524 | D:3      | Reached XP level 5. HP: 39/39 MP: 8/11
  3255 | D:4      | Reached skill level 4 in Poison Magic
  3257 | D:4      | Reached skill level 3 in Spellcasting
  3263 | D:4      | Reached XP level 6. HP: 46/46 MP: 9/13
  3268 | D:4      | Learned a level 4 spell: Ice Form
  3612 | D:4      | You pick up a book of Displacement and begin reading...
  3612 | D:4      | You add the spells Lesser Beckoning, Gell's Gravitas and
                  | Teleport Other to your library.
  4202 | D:5      | Entered Level 5 of the Dungeon
  4403 | D:5      | Reached skill level 1 in Ice Magic
  4485 | D:5      | HP: 7/46 [ice beast (11)]
  4487 | D:5      | Reached skill level 4 in Transmutations
  4487 | D:5      | Reached skill level 2 in Ice Magic
  4494 | D:5      | HP: 7/46 [black bear (7)]
  4966 | D:5      | Noticed a water moccasin
  4975 | D:5      | Reached XP level 7. HP: 15/51 MP: 3/15
  5111 | D:5      | Reached skill level 3 in Ice Magic
  5426 | D:5      | Reached skill level 4 in Ice Magic
  5556 | D:5      | Reached skill level 5 in Transmutations
  5569 | D:5      | HP: 15/61 [black bear (1)]
  6544 | D:6      | Reached skill level 1 in Fighting
  6575 | D:6      | You pick up a book of Vapours and begin reading...
  6575 | D:6      | You add the spells Poisonous Vapours, Cigotuvi's Dreadful
                  | Rot and Mephitic Cloud to your library.
  6579 | D:6      | Learned a level 2 spell: Poisonous Vapours
  6588 | D:6      | Reached skill level 6 in Transmutations
  6588 | D:6      | Reached XP level 8. HP: 59/59 MP: 8/16
  6722 | D:6      | Reached skill level 2 in Fighting
  6869 | D:6      | Noticed Duvessa
  7072 | D:6      | Noticed Dowan
  7130 | D:6      | Killed Duvessa
  7131 | D:6      | Reached skill level 4 in Spellcasting
  7222 | D:6      | Killed Dowan
  7340 | D:6      | Reached skill level 3 in Fighting
  7457 | D:6      | Found a staircase to the Ecumenical Temple.
  7487 | Temple   | Entered the Ecumenical Temple
  8065 | D:6      | Found a runed translucent door.
  8066 | D:6      | Noticed Crazy Yiuf
  9003 | D:6      | HP: 18/75 [gnoll sergeant/+0 trident (5)]
  9232 | D:7      | Reached skill level 7 in Transmutations
  9624 | D:7      | Reached skill level 4 in Fighting
  9646 | D:7      | Noticed Pikel
  9664 | D:7      | Killed Pikel
  9664 | D:7      | HP: 10/79 [steam dragon/ball of steam (19)]
  9665 | D:7      | Reached skill level 5 in Spellcasting
  9665 | D:7      | Reached XP level 9. HP: 11/72 MP: 16/20
  9666 | D:7      | HP: 3/86 [kobold brigand/+0 short sword (6)]
  9667 | D:7      | Slain by a kobold brigand

Vanquished Creatures
  Pikel (D:7)
  2 water moccasins
  Duvessa (D:6)
  2 sky beasts (D:6)
  2 black bears
  An ice beast (D:5)
  2 ogres
  A centaur (D:5)
  A phantom (D:5)
  A gnoll sergeant (D:6)
  4 scorpions
  Dowan (D:6)
  3 killer bees (D:7)
  A howler monkey (D:4)
  2 hounds (D:6)
  3 jellies
  4 orc priests
  4 iguanas
  2 orc wizards
  5 gnolls
  9 adders
  A shadow imp (D:5)
  A white imp (D:6)
  An ufetubus (D:6)
  3 worms
  A dart slug (D:1)
  23 orcs
  6 endoplasms
  15 giant cockroaches
  11 goblins
  2 hobgoblins (D:4)
  14 jackals
  7 kobolds
  5 quokkas
  13 ball pythons
  2 bats (D:2)
  A frilled lizard (D:2)
  12 rats
170 creatures vanquished.

Table legend:
 A = Non-vault XP
 B = Vault XP
 C = Vault XP percentage of total XP
 D = Non-vault monster count
 E = Vault monster count
 F = Vault count percentage of total count
                 A         B        C        D         E       F
            +---------+---------+-------+---------+---------+-------
      Total |    2885 |    1122 |  28.0 |     141 |      29 |  17.1
            +---------+---------+-------+---------+---------+-------
        D:1 |      28 |       0 |   0.0 |      15 |       0 |   0.0
        D:2 |      66 |       0 |   0.0 |      23 |       0 |   0.0
        D:3 |     132 |      16 |  10.8 |      23 |       8 |  25.8
        D:4 |     103 |     192 |  65.1 |      18 |      10 |  35.7
        D:5 |    1049 |       0 |   0.0 |      28 |       0 |   0.0
        D:6 |    1076 |     217 |  16.8 |      22 |      10 |  31.2
        D:7 |     431 |     697 |  61.8 |      12 |       1 |   7.7
            +---------+---------+-------+---------+---------+-------

Illustrated notes

Table legend:
 A = Kills in this place as a percentage of kills in entire the game.
 B = Kills by you in this place as a percentage of kills by you in the entire game.
 C = Kills by friends in this place as a percentage of kills by friends in the entire game.
 D = Other kills in this place as a percentage of other kills in the entire game.
 E = Experience gained in this place as a percentage of experience gained in the entire game.
 F = Experience gained in this place divided by the number of levels of this place that you have seen.
                   A       B       C       D       E      F
               +-------+-------+-------+-------+-------+----------------------
         Total | 100.0 | 100.0 |   N/A |   N/A | 100.0 | 500.9
       Dungeon | 100.0 | 100.0 |   N/A |   N/A | 100.0 | 572.4
               +-------+-------+-------+-------+-------+----------------------

Table legend: (Time is in decaauts)
 A = Elapsed time spent in this place.
 B = Non-inter-level travel time spent in this place.
 C = Inter-level travel time spent in this place.
 D = Time resting spent in this place.
 E = Time spent auto-exploring this place.
 F = Levels seen in this place.
 G = Mean time per level.
                   A        B        C        D        E       F      G
               +--------+--------+--------+--------+--------+-----+--------+
         Total |   9656 |   9279 |    377 |    711 |   7089 |   8 | 1207.0 |
       Dungeon |   9381 |   9028 |    353 |    711 |   6843 |   7 | 1340.1 |
        Temple |    274 |    250 |     24 |      0 |    246 |   1 |  274.0 |
               +--------+--------+--------+--------+--------+-----+--------+

Top non-repeatable levels by time:
     D:6: 2492 daAuts
     D:5: 2182 daAuts
     D:4: 1311 daAuts
     D:1: 1033 daAuts
     D:3: 1020 daAuts
     D:2: 831 daAuts
     D:7: 510 daAuts
  Temple: 274 daAuts
